 Dungeon Crawl Stone Soup version 0.31-a0-840-g6d2ecbb638 (webtiles) character file.

Game seed: 7089545449253508985

23 Ivernyr the Twirler (level 2, -2/15 HPs)
             Began as a Vine Stalker Gladiator on Sept 27, 2023.
             Slain by a kobold
             ... wielding a +2 whip of electrocution
              (15 damage)
             ... on level 1 of the Dungeon.
             The game lasted 00:01:19 (610 turns).

Ivernyr the Twirler (Vine Stalker Gladiator)         Turns: 610, Time: 00:01:19

Health: -2/15      AC:  4    Str: 16    XL:     2   Next: 95%
Magic:  0/3        EV: 12    Int:  8    God:
Gold:   0          SH:  0    Dex: 15    Spells: 1/1 levels left

rFire   . . .        a - +0 quarterstaff
rCold   . . .        (shield currently unavailable)
rNeg    . . .        b - +0 leather armour
rPois   .            c - +0 helmet
rElec   .            (no cloak)
rCorr   .            (no gloves)
SInv    .            (no boots)
Will    .....        (no amulet)
Stlth   +            (no ring)
HPRegen 1.02/turn    (no ring)
MPRegen 0.08/turn

%: guardian spirit
@: no status effects
A: fangs 2, regeneration 1, magic shield, antimagic bite, no potion heal 2
a: no special abilities


You were on level 1 of the Dungeon.
You visited 1 branch of the dungeon, and saw 1 of its levels.

Inventory:

Hand Weapons
 a - a +0 quarterstaff (weapon)
Missiles
 d - 3 throwing nets (quivered)
 e - a javelin
Armour
 b - a +0 leather armour (worn)
 c - a +0 helmet (worn)
Scrolls
 f - 2 scrolls of identify {unknown}
 g - a scroll of fog {unknown}
 j - a scroll of immolation {unknown}
Potions
 h - a potion of curing {unknown}
 i - a potion of attraction {unknown}


   Skills:
 + Level 2.0 Fighting
 * Level 3.1 Staves
 - Level 1.7 Throwing
 + Level 0.6 Armour
 + Level 2.6 Dodging


You had one spell level left.
You didn't know any spells.
Your spell library was empty.

Dungeon Overview and Level Annotations

Branches:
Dungeon (1/15)

Altars:

Shops:
D:1 :


Innate Abilities, Weirdness & Mutations

You have extremely sharp teeth.
Your natural rate of healing is unusually fast.
When hurt, damage is shared between your health and your magic reserves.
Your bite disrupts and absorbs the magic of your enemies.
Potions cannot restore your health.


Message History

You barely miss the kobold. The kobold closely misses you.
The kobold hits you but does no damage.
You hit the kobold but do no damage. Your bite misses the kobold.
The kobold closely misses you.
You thump the kobold!
You kill the kobold!
Things that are here:
a +0 dagger; a kobold corpse You open the door.
There is an open door here.
A kobold comes into view. It is wielding a +0 short sword.
The kobold shouts!
The kobold hits you with a +0 short sword.
You hit the kobold.
You kill the kobold!
Things that are here:
a +0 short sword; 5 stones
i - a smoky red potion
There is an open door here.
Found a mace.
You see here a +0 mace.
You see here a +0 mace.
There is an open door here.
Found a club.
j - a scroll labelled ABIM ZEPNO You see here a scarf of resistance.
Found a leather armour.
Found a stone staircase leading down.
A kobold comes into view.
It is wielding a +2 whip of electrocution.
A kobold is nearby!
The kobold shouts!
A rat comes into view.
The kobold hits you with a +2 whip of electrocution.
You closely miss the kobold. Your bite misses the kobold.
The kobold closely misses you.
You closely miss the kobold. You bite the kobold, but do no damage.
The kobold hits you with a +2 whip of electrocution.
You are electrocuted!
Ouch! That really hurt!
You die...

#[# #.... #.# #....
#.# #.... #.# #....
###.# #...r## #.#.#
#.....# #.#.# ##+####
#...K.####.#.###......
#....@##..............
###+#...........#.....
#..>.......#......###.
#$######.#.#...#..#.#.
###.#.#......#.#.
....#.#.##.......
....#.#..........
....#.....#......
........#.#......


You could see a kobold and a rat.

Vanquished Creatures
  4 endoplasms (D:1)
  7 hobgoblins (D:1)
  4 kobolds (D:1)
  A quokka (D:1)
  A ball python (D:1)
  2 bats (D:1)
  A rat (D:1)
20 creatures vanquished.

Notes
Turn   | Place    | Note
-------+----------+-------------------------------------------
     0 | D:1      | Ivernyr the Vine Stalker Gladiator began the quest for the
                  | Orb.
     0 | D:1      | Reached XP level 1. HP: 11/11 MP: 2/2
    54 | D:1      | Reached XP level 2. HP: 15/15 MP: 3/3
   106 | D:1      | Reached skill level 3 in Staves
   228 | D:1      | Found Idaosint's Book Shop.
   312 | D:1      | Found a faded altar of an unknown god.
   610 | D:1      | Slain by a kobold

Illustrated notes

Levels and vault maps discovered:
D:1:      erik_arrival_blinker_ship, layout_basic, serial_shops, shop,
          shapermc_ecumenical_altar_acropolis

Skill      XL: |  1  2 |
---------------+-------+-----
Fighting       | 2 |  2.0
Staves         | 3 |  3.1
Throwing       | |  1.7
Armour         | |  0.6
Dodging        | |  2.6

Action                     || total
---------------------------++-------
  Melee: Quarterstaff      ||    49
         Bite              ||    10
   Stab: Sleeping          ||     1
 Armour: Leather armour    ||    28
  Dodge: Dodged            ||    34

Table legend: (Time is in decaauts)
 A = Elapsed time spent in this place.
 B = Non-inter-level travel time spent in this place.
 C = Inter-level travel time spent in this place.
 D = Time resting spent in this place.
 E = Time spent auto-exploring this place.
 F = Levels seen in this place.
 G = Mean time per level.
                   A        B        C        D        E       F      G
               +--------+--------+--------+--------+--------+-----+--------+
         Total |    617 |    617 |      0 |      0 |    463 |   1 |  617.0 |
       Dungeon |    617 |    617 |      0 |      0 |    463 |   1 |  617.0 |
               +--------+--------+--------+--------+--------+-----+--------+

Top non-repeatable levels by time:
     D:1: 617 daAuts
